NCAA
CONNECTICUT HUSKIES @ PENN STATE NITTANY LIONS
05/17/2029
 
TOP OF THE 1ST
Connecticut Huskies batting - Pitching for Penn State Nittany Lions : RHP Brian Boswell
Pitching: RHP Brian Boswell
Batting: LHB Alejandro Piña 0-0: Ball
1-0: Ball
2-0: Ball
3-0: Base on Balls
Batting: LHB Roberto Martínez 0-0: Fly out, F7 (Flyball, 7LM)
Batting: RHB Bill Starr 0-0: Ball
1-0: 2-RUN HOME RUN (Flyball, 89XD), Distance : 364 ft
Batting: LHB Al Dooley 0-0: Ball
1-0: Called Strike
1-1: Ball
2-1: Fly out, F8 (Flyball, 8RD)
Batting: RHB Anthony Payton 0-0: Ball
1-0: Fly out, F9 (Flyball, 89S)
Top of the 1st over - 2 runs, 1 hit, 0 errors, 0 left on base; Connecticut 2 - Penn State 0
BOTTOM OF THE 1ST
Penn State Nittany Lions batting - Pitching for Connecticut Huskies : LHP Paul Williams
Pitching: LHP Paul Williams
Batting: RHB Steffen Hansen 0-0: Ground out 4-3 (Groundball, 4)
Batting: LHB Mauro Flores 0-0: Ball
1-0: Foul Ball, location: 2F
1-1: SINGLE (Flyball, 78M)
Batting: SHB Francisco Madrigal 0-0: Called Strike
0-1: Swinging Strike
0-2: Foul Ball, location: 2F
0-2: Foul Ball, location: 2F
0-2: Strikes out swinging
Batting: LHB Jerry Koch 0-0: Ball
1-0: SINGLE (Groundball, 4MD)
Mauro Flores to second
Runner from 2nd tries for 3rd, SAFE, no throw
Batting: LHB Ángel Santos 0-0: Foul Ball, location: 2F
0-1: Ball
1-1: Ball
2-1: Foul Ball, location: 2F
2-2: Foul Ball, location: 2F
2-2: SINGLE (Flyball, 89S)
Mauro Flores scores
Jerry Koch to second
Runner from 2nd tries for 3rd, SAFE, no throw
Batting: SHB Danny Parkins 0-0: Swinging Strike
0-1: Ball
1-1: Ball
2-1: DOUBLE (Flyball, 8RD)
Jerry Koch scores
Ángel Santos to third
Batting: RHB Lane Wilcox 0-0: Called Strike
0-1: Ball
1-1: Fly out, F9 (Flyball, 89D)
Bottom of the 1st over - 2 runs, 4 hits, 0 errors, 2 left on base; Connecticut 2 - Penn State 2
TOP OF THE 2ND
Connecticut Huskies batting - Pitching for Penn State Nittany Lions : RHP Brian Boswell
Batting: RHB Phil Gabriel 0-0: Called Strike
0-1: Foul Ball, location: 2F
0-2: Ball
1-2: Strikes out looking
Batting: RHB Eric Vaughn 0-0: Swinging Strike
0-1: Called Strike
0-2: Foul Ball, location: 2F
0-2: Strikes out looking
Batting: RHB Martin Caldwell 0-0: Swinging Strike
0-1: Fly out, F6 (Popup, 6S)
Top of the 2nd over - 0 runs, 0 hits, 0 errors, 0 left on base; Connecticut 2 - Penn State 2
BOTTOM OF THE 2ND
Penn State Nittany Lions batting - Pitching for Connecticut Huskies : LHP Paul Williams
Batting: LHB Damian West 0-0: Ball
1-0: Ball
2-0: Ball
3-0: Called Strike
3-1: Foul Ball, location: 2F
3-2: SINGLE (Flyball, 8LS)
Batting: RHB Greg Coleman 0-0: SINGLE (Line Drive, 9S)
Damian West to second
Batting: RHB Steffen Hansen 0-0: Swinging Strike
0-1: Ball
1-1: Swinging Strike
1-2: Ball
Wild Pitch!
Damian West to third
Greg Coleman to second
2-2: Ball
3-2: Base on Balls
Batting: LHB Mauro Flores 0-0: Foul Ball, location: 2F
0-1: Ball
1-1: Called Strike
1-2: Ball
2-2: Grounds into double play, 6-4-3 (Groundball, 6)
Damian West scores
Greg Coleman to third
Batting: SHB Francisco Madrigal 0-0: Foul Ball, location: 2F
0-1: Swinging Strike
0-2: Foul Ball, location: 2F
0-2: Foul Ball, location: 2F
0-2: Foul Ball, location: 2F
0-2: Ball
1-2: Ball
2-2: Foul Ball, location: 2F
2-2: Foul Ball, location: 2F
2-2: Foul Ball, location: 2F
2-2: Single, Error in OF, E8, batter to second base
Greg Coleman scores
Batting: LHB Jerry Koch 0-0: Ball
1-0: Swinging Strike
1-1: Ball
2-1: Fly out, F9 (Flyball, 89M)
Bottom of the 2nd over - 2 runs, 3 hits, 1 error, 1 left on base; Connecticut 2 - Penn State 4
TOP OF THE 3RD
Connecticut Huskies batting - Pitching for Penn State Nittany Lions : RHP Brian Boswell
Batting: SHB José Ramírez 0-0: Ball
1-0: Ball
2-0: Ball
3-0: Base on Balls
Batting: LHB Alejandro Piña 0-0: Ball
1-0: Ball
Wild Pitch!
José Ramírez to second
2-0: Ball
3-0: Base on Balls
Batting: LHB Roberto Martínez 0-0: Ball
1-0: Ball
2-0: Called Strike
2-1: Ground out 3-1 (Groundball, 34S)
José Ramírez to third
Alejandro Piña to second
Batting: RHB Bill Starr 0-0: Fly out, F7 (Flyball, 7LS)
Runner from 3rd tags up, SCORES, no throw
Batting: LHB Al Dooley 0-0: Foul Ball, location: 2F
0-1: Fly out, F9 (Flyball, 9)
Top of the 3rd over - 1 run, 0 hits, 0 errors, 1 left on base; Connecticut 3 - Penn State 4
BOTTOM OF THE 3RD
Penn State Nittany Lions batting - Pitching for Connecticut Huskies : LHP Paul Williams
Batting: LHB Ángel Santos 0-0: Ball
1-0: Foul Ball, location: 2F
1-1: SINGLE (Groundball, 34D)
Batting: SHB Danny Parkins 0-0: Ball
1-0: Called Strike
1-1: Foul Ball, location: 2F
1-2: Foul Ball, location: 2F
1-2: Strikes out swinging
Batting: RHB Lane Wilcox 0-0: Fly out, F9 (Line Drive, 9D)
Batting: LHB Damian West 0-0: Swinging Strike
0-1: Called Strike
0-2: Ball
1-2: Ground out 6-3 (Groundball, 6M)
Bottom of the 3rd over - 0 runs, 1 hit, 0 errors, 1 left on base; Connecticut 3 - Penn State 4
TOP OF THE 4TH
Connecticut Huskies batting - Pitching for Penn State Nittany Lions : RHP Brian Boswell
Batting: RHB Anthony Payton 0-0: Ball
1-0: Called Strike
1-1: Ball
2-1: Ball
3-1: Called Strike
3-2: Foul Ball, location: 2F
3-2: Foul Ball, location: 2F
3-2: Ground out 4-3 (Groundball, 4)
Batting: RHB Phil Gabriel 0-0: Ball
1-0: Foul Ball, location: 2F
1-1: Fly out, F9 (Flyball, 89D)
Batting: RHB Eric Vaughn 0-0: Ground out 6-3 (Groundball, 6MS)
Top of the 4th over - 0 runs, 0 hits, 0 errors, 0 left on base; Connecticut 3 - Penn State 4
BOTTOM OF THE 4TH
Penn State Nittany Lions batting - Pitching for Connecticut Huskies : LHP Paul Williams
Batting: RHB Greg Coleman 0-0: Ball
1-0: Ball
2-0: Ball
3-0: Base on Balls
Batting: RHB Steffen Hansen 0-0: Swinging Strike
0-1: Fly out, F7 (Flyball, 78S)
Batting: LHB Mauro Flores 0-0: Ball
1-0: Ball
2-0: Ground out 3-1 (Groundball, 34)
Greg Coleman to second
Batting: SHB Francisco Madrigal 0-0: Ball
1-0: SINGLE (Flyball, 89S)
Greg Coleman to third
Runner from 3rd tries for Home, SAFE, throw made home
Pitching: RHP Nick Elkins
Batting: LHB Jerry Koch 0-0: Ball
Francisco Madrigal steals 2nd base
1-0: Called Strike
1-1: Fly out, F3 (Line Drive, 34)
Bottom of the 4th over - 1 run, 1 hit, 0 errors, 1 left on base; Connecticut 3 - Penn State 5
TOP OF THE 5TH
Connecticut Huskies batting - Pitching for Penn State Nittany Lions : RHP Brian Boswell
Batting: RHB Martin Caldwell 0-0: Swinging Strike
0-1: Ball
1-1: Ground out 5-3 (Groundball, 25)
Batting: SHB José Ramírez 0-0: Swinging Strike
0-1: Swinging Strike
0-2: Fly out, F6 (Line Drive, 6M)
Batting: LHB Alejandro Piña 0-0: Called Strike
0-1: Ball
1-1: Called Strike
1-2: Ball
2-2: Ball
3-2: SINGLE (Line Drive, 6D)
Batting: LHB Roberto Martínez 0-0: Called Strike
0-1: Foul Ball, location: 2F
0-2: Strikes out swinging, 2-3 out at first.
Top of the 5th over - 0 runs, 1 hit, 0 errors, 1 left on base; Connecticut 3 - Penn State 5
BOTTOM OF THE 5TH
Penn State Nittany Lions batting - Pitching for Connecticut Huskies : RHP Nick Elkins
Batting: LHB Ángel Santos 0-0: Ball
1-0: Foul Ball, location: 2F
1-1: Foul Ball, location: 2F
1-2: Ball
2-2: Strikes out swinging
Batting: SHB Danny Parkins 0-0: Called Strike
0-1: Ball
1-1: Swinging Strike
1-2: Ball
2-2: Ball
3-2: Base on Balls
Batting: RHB Lane Wilcox 0-0: Ball
1-0: Ball
2-0: Ball
3-0: Base on Balls
Danny Parkins to second
Batting: LHB Damian West 0-0: Swinging Strike
0-1: Ball
1-1: Called Strike
1-2: Foul Ball, location: 2F
1-2: Fielders Choice at 2nd, 4-6 (Groundball, 4)
Danny Parkins to third
Batting: RHB Greg Coleman 0-0: Fly out, F8 (Flyball, 8LD)
Bottom of the 5th over - 0 runs, 0 hits, 0 errors, 2 left on base; Connecticut 3 - Penn State 5
TOP OF THE 6TH
Connecticut Huskies batting - Pitching for Penn State Nittany Lions : RHP Brian Boswell
Batting: RHB Bill Starr 0-0: Called Strike
0-1: SINGLE (Line Drive, 89M)
Batting: LHB Al Dooley 0-0: Ball
1-0: Foul Ball, location: 2F
1-1: Swinging Strike
1-2: Ball
2-2: Strikes out swinging
Batting: RHB Anthony Payton 0-0: Ball
1-0: Ball
2-0: Ball
Wild Pitch!
Bill Starr to second
3-0: Base on Balls
Batting: RHB Phil Gabriel 0-0: Called Strike
0-1: Ball
1-1: Single, Error in OF, E7, batter to second base
Bill Starr scores
Anthony Payton to third
Batting: RHB Eric Vaughn 0-0: Ball
1-0: Called Strike
1-1: Foul Ball, location: 2F
1-2: Ball
2-2: Ball
3-2: Base on Balls
Pitching: RHP Cullen Rivera
Batting: RHB Martin Caldwell 0-0: Swinging Strike
0-1: Foul Ball, location: 2F
0-2: Strikes out swinging
Batting: SHB José Ramírez 0-0: Swinging Strike
0-1: Called Strike
0-2: Foul Ball, location: 2F
0-2: Ball
1-2: Fielders Choice at 2nd, 6-4 (Groundball, 6)
Top of the 6th over - 1 run, 2 hits, 1 error, 3 left on base; Connecticut 4 - Penn State 5
BOTTOM OF THE 6TH
Penn State Nittany Lions batting - Pitching for Connecticut Huskies : RHP Nick Elkins
Batting: RHB Steffen Hansen 0-0: Ball
1-0: Called Strike
1-1: Ball
2-1: Called Strike
2-2: Strikes out swinging
Batting: LHB Mauro Flores 0-0: Ball
1-0: Ground out 6-3 (Groundball, 6)
Batting: SHB Francisco Madrigal 0-0: Fly out, F5 (Popup, 25F)
Bottom of the 6th over - 0 runs, 0 hits, 0 errors, 0 left on base; Connecticut 4 - Penn State 5
TOP OF THE 7TH
Connecticut Huskies batting - Pitching for Penn State Nittany Lions : RHP Cullen Rivera
Batting: LHB Alejandro Piña 0-0: Ground out 4-3 (Groundball, 4S)
Batting: LHB Roberto Martínez 0-0: Ball
1-0: Ball
2-0: Swinging Strike
2-1: Ball
3-1: Fly out, F9 (Flyball, 9)
Batting: RHB Bill Starr 0-0: Called Strike
0-1: Ball
1-1: Ball
2-1: Foul Ball, location: 2F
2-2: Ball
3-2: Base on Balls
Batting: LHB Al Dooley 0-0: Ball
Pickoff Throw to First - Out!
Top of the 7th over - 0 runs, 0 hits, 0 errors, 0 left on base; Connecticut 4 - Penn State 5
BOTTOM OF THE 7TH
Penn State Nittany Lions batting - Pitching for Connecticut Huskies : RHP Nick Elkins
Batting: LHB Jerry Koch 0-0: Ball
1-0: Foul Ball, location: 2F
1-1: Ball
2-1: Ground out 1-3 (Groundball, 13S)
Batting: LHB Ángel Santos 0-0: Swinging Strike
0-1: Fly out, F6 (Line Drive, 6M)
Batting: SHB Danny Parkins 0-0: Fly out, F4 (Popup, 4)
Bottom of the 7th over - 0 runs, 0 hits, 0 errors, 0 left on base; Connecticut 4 - Penn State 5
TOP OF THE 8TH
Connecticut Huskies batting - Pitching for Penn State Nittany Lions : RHP Cullen Rivera
Batting: LHB Al Dooley 0-0: Ground out 4-3 (Groundball, 4M)
Batting: RHB Anthony Payton 0-0: Called Strike
0-1: Ball
1-1: Ground out 4-3 (Groundball, 4S)
Batting: RHB Phil Gabriel 0-0: Foul Ball, location: 2F
0-1: SINGLE (Flyball, 78S)
Batting: RHB Eric Vaughn 0-0: Called Strike
0-1: Ground out 1-3 (Groundball, 13)
Top of the 8th over - 0 runs, 1 hit, 0 errors, 1 left on base; Connecticut 4 - Penn State 5
BOTTOM OF THE 8TH
Penn State Nittany Lions batting - Pitching for Connecticut Huskies : RHP Nick Elkins
Batting: RHB Lane Wilcox 0-0: Ball
1-0: Called Strike
1-1: Ball
2-1: Ball
3-1: Foul Ball, location: 2F
3-2: Ground out 5-3 (Groundball, 56S)
Batting: LHB Damian West 0-0: Called Strike
0-1: Called Strike
0-2: Ground out 3-1 (Groundball, 34)
Batting: RHB Greg Coleman 0-0: Called Strike
0-1: Ball
1-1: Swinging Strike
1-2: Strikes out looking
Bottom of the 8th over - 0 runs, 0 hits, 0 errors, 0 left on base; Connecticut 4 - Penn State 5
TOP OF THE 9TH
Connecticut Huskies batting - Pitching for Penn State Nittany Lions : RHP Cullen Rivera
Pitching: RHP Raúl Pérez
Pinch Hitting: RHB Ron Frost 0-0: Ball
1-0: Ball
2-0: Foul Ball, location: 2F
2-1: Foul Ball, location: 2F
2-2: Ball
3-2: Base on Balls
Batting: SHB José Ramírez 0-0: Swinging Strike
0-1: Ball
1-1: Swinging Strike
1-2: Foul Ball, location: 2F
1-2: Foul Ball, location: 2F
1-2: Strikes out looking
Batting: LHB Alejandro Piña 0-0: Ball
1-0: Fly out, F7 (Flyball, 78D)
Runner from 1st tags up, SAFE at 2nd
Batting: LHB Roberto Martínez 0-0: Called Strike
0-1: Ball
1-1: Ball
2-1: Swinging Strike
2-2: Foul Ball, location: 2F
2-2: Strikes out swinging
Top of the 9th over - 0 runs, 0 hits, 0 errors, 1 left on base; Connecticut 4 - Penn State 5
Saturday, December 16th, 2017 - OOTP Baseball 18.8 Build 76